HSSL
INDIANAPOLIS HS CHAOS @ BISHOP GORMAN HS
05/08/2024
 
TOP OF THE 1ST
Indianapolis HS Chaos batting - Pitching for Bishop Gorman HS : RHP Armando Rodríguez
Pitching: RHP Armando Rodríguez
Batting: RHB Johnny Becker 0-0: Swinging Strike
0-1: Called Strike
0-2: Strikes out swinging
Batting: RHB Jesús Lima 0-0: Ball
1-0: Foul Ball, location: 2F
1-1: Foul Ball, location: 2F
1-2: Foul Ball, location: 2F
1-2: Strikes out looking
Batting: LHB Ben Donaldson 0-0: Ball
1-0: Ball
2-0: Called Strike
2-1: Swinging Strike
2-2: Foul Ball, location: 2F
2-2: SINGLE (Line Drive, 89S)
Batting: RHB Curt David Balk!
Ben Donaldson to second
0-0: Called Strike
0-1: Ball
1-1: Ball
2-1: Foul Ball, location: 2F
2-2: Foul Ball, location: 2F
2-2: Foul Ball, location: 2F
2-2: Strikes out swinging
Top of the 1st over - 0 run(s), 1 hit(s), 0 error(s), 1 left on base; Indianapolis HS 0 - Bishop Gorman HS 0
BOTTOM OF THE 1ST
Bishop Gorman HS batting - Pitching for Indianapolis HS Chaos : LHP Steve Turkington
Pitching: LHP Steve Turkington
Batting: LHB Jean-Sébastien Beaudin 0-0: Ball
1-0: Called Strike
1-1: Bunt missed!
1-2: SINGLE (Groundball, 34D)
Batting: SHB Darren Ramsey 0-0: Ball
1-0: Called Strike
1-1: Ball
2-1: Called Strike
2-2: Fly out, F3 (Line Drive, 3L)
Batting: RHB Gary Robinson 0-0: Ball
1-0: Ball
2-0: Called Strike
2-1: SINGLE (Groundball, 34D)
Jean-Sébastien Beaudin to second
Runner from 2nd tries for 3rd, SAFE, no throw or cutoff
Batting: RHB Max Kimball 0-0: Ball
1-0: Ball
2-0: Fly out, F9 (Flyball, 89S)
Batting: RHB Bryan Martínez 0-0: Fly out, F9 (Flyball, 89M)
Bottom of the 1st over - 0 run(s), 2 hit(s), 0 error(s), 2 left on base; Indianapolis HS 0 - Bishop Gorman HS 0
TOP OF THE 2ND
Indianapolis HS Chaos batting - Pitching for Bishop Gorman HS : RHP Armando Rodríguez
Batting: RHB Patrice Charette 0-0: Called Strike
0-1: Ball
1-1: Ball
2-1: Foul Ball, location: 2F
2-2: Strikes out swinging
Batting: SHB Mark Hendree 0-0: Ball
1-0: Foul Ball, location: 2F
1-1: Foul Ball, location: 2F
1-2: Reached on error, E6 (Groundball, 6M)
Batting: SHB Mike Burke 0-0: Ball
1-0: Fly out, F7 (Line Drive, 78M)
Batting: RHB Robert Blanchard 0-0: Ball
1-0: Called Strike
Mark Hendree steals 2nd base
1-1: Foul Ball, location: 2F
1-2: Fly out, F5 (Line Drive, 5)
Top of the 2nd over - 0 run(s), 0 hit(s), 1 error(s), 1 left on base; Indianapolis HS 0 - Bishop Gorman HS 0
BOTTOM OF THE 2ND
Bishop Gorman HS batting - Pitching for Indianapolis HS Chaos : LHP Steve Turkington
Batting: RHB Steve Murphy 0-0: Called Strike
0-1: DOUBLE (Groundball, 5L)
Batting: RHB Kent Bannatyne 0-0: Ball
1-0: SINGLE (Groundball, 5L)
Steve Murphy to third
Batting: RHB Andy Johnston 0-0: Foul Ball, location: 2F
0-1: Ball
1-1: Grounds into double play, 5-4-3 (Groundball, 5)
Steve Murphy scores
Batting: RHB Ed Gómez 0-0: SINGLE (Groundball, 56D)
Batting: LHB Jean-Sébastien Beaudin 0-0: Ball
1-0: Foul Ball, location: 2F
1-1: Ball
2-1: Swinging Strike
2-2: Foul Ball, location: 2F
2-2: Ball
3-2: Foul Ball, location: 2F
3-2: Base on Balls
Ed Gómez to second
Batting: SHB Darren Ramsey 0-0: Ball
1-0: Ball
2-0: Swinging Strike
2-1: Ball
3-1: Base on Balls
Ed Gómez to third
Jean-Sébastien Beaudin to second
Batting: RHB Gary Robinson 0-0: Ball
1-0: Foul Ball, location: 2F
1-1: Foul Ball, location: 2F
1-2: Reached on error, E5 (Groundball, 5)
Ed Gómez scores
Jean-Sébastien Beaudin to third
Darren Ramsey to second
Batting: RHB Max Kimball 0-0: Ball
1-0: Swinging Strike
1-1: Fly out, F5 (Popup, 5SF)
Bottom of the 2nd over - 2 run(s), 3 hit(s), 1 error(s), 3 left on base; Indianapolis HS 0 - Bishop Gorman HS 2
TOP OF THE 3RD
Indianapolis HS Chaos batting - Pitching for Bishop Gorman HS : RHP Armando Rodríguez
Batting: LHB Kyle Robbins 0-0: Ball
1-0: Ball
2-0: Fly out, F5 (Popup, 5)
Batting: RHB Johnny Becker 0-0: Foul Ball, location: 2F
0-1: Ball
1-1: Ground out 3-1 (Groundball, 34S)
Batting: RHB Jesús Lima 0-0: SOLO HOME RUN (Flyball, 7D), Distance : 362 ft
Batting: LHB Ben Donaldson 0-0: Ball
1-0: Ball
2-0: Ground out 4-3 (Groundball, 4)
Top of the 3rd over - 1 run(s), 1 hit(s), 0 error(s), 0 left on base; Indianapolis HS 1 - Bishop Gorman HS 2
BOTTOM OF THE 3RD
Bishop Gorman HS batting - Pitching for Indianapolis HS Chaos : LHP Steve Turkington
Batting: RHB Bryan Martínez 0-0: Ball
1-0: Called Strike
1-1: Ball
2-1: Ball
3-1: Swinging Strike
3-2: Foul Ball, location: 2F
3-2: Base on Balls
Batting: RHB Steve Murphy 0-0: Ball
1-0: Ball
2-0: Foul Ball, location: 2F
2-1: Ball
3-1: Base on Balls
Bryan Martínez to second
Batting: RHB Kent Bannatyne 0-0: Ball
1-0: Ball
2-0: Foul Ball, location: 2F
2-1: Ball
3-1: Base on Balls
Bryan Martínez to third
Steve Murphy to second
Batting: RHB Andy Johnston 0-0: Fly out, F4 (Popup, 34D)
Batting: RHB Ed Gómez 0-0: Foul Ball, location: 2F
0-1: Ball
1-1: Foul Ball, location: 2F
1-2: Foul Ball, location: 2F
1-2: Strikes out looking
Batting: LHB Jean-Sébastien Beaudin 0-0: Ball
1-0: Ball
2-0: Called Strike
2-1: Ball
3-1: Swinging Strike
3-2: Strikes out looking
Bottom of the 3rd over - 0 run(s), 0 hit(s), 0 error(s), 3 left on base; Indianapolis HS 1 - Bishop Gorman HS 2
TOP OF THE 4TH
Indianapolis HS Chaos batting - Pitching for Bishop Gorman HS : RHP Armando Rodríguez
Batting: RHB Curt David 0-0: Foul Ball, location: 2F
0-1: Called Strike
0-2: Foul Ball, location: 2F
0-2: Strikes out swinging
Batting: RHB Patrice Charette 0-0: Called Strike
0-1: Fly out, F9 (Flyball, 89M)
Batting: SHB Mark Hendree 0-0: Ball
1-0: Foul Ball, location: 2F
1-1: Ball
2-1: Called Strike
2-2: Ball
3-2: Strikes out swinging
Top of the 4th over - 0 run(s), 0 hit(s), 0 error(s), 0 left on base; Indianapolis HS 1 - Bishop Gorman HS 2
BOTTOM OF THE 4TH
Bishop Gorman HS batting - Pitching for Indianapolis HS Chaos : LHP Steve Turkington
Batting: SHB Darren Ramsey 0-0: Ball
1-0: Ball
2-0: Ball
3-0: Called Strike
3-1: Base on Balls
Batting: RHB Gary Robinson 0-0: Ball
1-0: Fly out, F8 (Flyball, 8RS)
Pitching: RHP Patrick Williams
Batting: RHB Max Kimball 0-0: SINGLE (Line Drive, 7S)
Darren Ramsey to second
Batting: RHB Bryan Martínez 0-0: Ball
1-0: Swinging Strike
1-1: Fly out, F9 (Flyball, 9S)
Batting: RHB Steve Murphy 0-0: Called Strike
0-1: SINGLE (Groundball, 13) (infield hit)
Darren Ramsey to third
Max Kimball to second
Batting: RHB Kent Bannatyne 0-0: Ball
1-0: Ball
2-0: Called Strike
2-1: SINGLE (Line Drive, 8LS)
Darren Ramsey scores
Max Kimball to third
Steve Murphy to second
Batting: RHB Andy Johnston 0-0: Foul Ball, location: 2F
0-1: Ball
1-1: Swinging Strike
1-2: Ball
2-2: Foul Ball, location: 2F
2-2: Ball
3-2: Foul Ball, location: 2F
3-2: Base on Balls
Max Kimball scores
Steve Murphy to third
Kent Bannatyne to second
Batting: RHB Ed Gómez 0-0: Called Strike
0-1: Ground out 5-3 (Groundball, 56S)
Bottom of the 4th over - 2 run(s), 3 hit(s), 0 error(s), 3 left on base; Indianapolis HS 1 - Bishop Gorman HS 4
TOP OF THE 5TH
Indianapolis HS Chaos batting - Pitching for Bishop Gorman HS : RHP Armando Rodríguez
Batting: SHB Mike Burke 0-0: Called Strike
0-1: Ball
1-1: Foul Ball, location: 2F
1-2: Ball
2-2: Hit by Pitch
Batting: RHB Robert Blanchard 0-0: Called Strike
0-1: Ball
1-1: Ball
2-1: Called Strike
2-2: Strikes out looking
Batting: LHB Kyle Robbins 0-0: Swinging Strike
0-1: Ball
1-1: Foul Ball, location: 2F
1-2: Ball
2-2: Ball
3-2: Base on Balls
Mike Burke to second
Batting: RHB Johnny Becker 0-0: Ball
1-0: Called Strike
1-1: Ball
2-1: Fly out, F6 (Popup, 6)
Batting: RHB Jesús Lima 0-0: Called Strike
0-1: Ground out 2-3 (Groundball, 2R)
Top of the 5th over - 0 run(s), 0 hit(s), 0 error(s), 2 left on base; Indianapolis HS 1 - Bishop Gorman HS 4
BOTTOM OF THE 5TH
Bishop Gorman HS batting - Pitching for Indianapolis HS Chaos : RHP Patrick Williams
Batting: LHB Jean-Sébastien Beaudin 0-0: Ball
1-0: Ball
2-0: Ball
3-0: Called Strike
3-1: Bunt for hit - play at first, batter OUT! 3-4
Batting: SHB Darren Ramsey 0-0: Called Strike
0-1: Ball
1-1: Fly out, F4 (Line Drive, 4)
Batting: RHB Gary Robinson 0-0: Ball
1-0: Swinging Strike
1-1: Ball
2-1: Ball
3-1: Foul Ball, location: 2F
3-2: Strikes out looking
Bottom of the 5th over - 0 run(s), 0 hit(s), 0 error(s), 0 left on base; Indianapolis HS 1 - Bishop Gorman HS 4
TOP OF THE 6TH
Indianapolis HS Chaos batting - Pitching for Bishop Gorman HS : RHP Armando Rodríguez
Pitching: RHP Jon Glass
Batting: LHB Ben Donaldson 0-0: Ball
1-0: Ball
2-0: Ball
3-0: Base on Balls
Batting: RHB Curt David 0-0: Ball
1-0: Ball
2-0: Reached on error, E6 (Groundball, 6)
Ben Donaldson to second
Batting: RHB Patrice Charette 0-0: Called Strike
0-1: Foul Ball, location: 2F
0-2: Strikes out looking
Batting: SHB Mark Hendree 0-0: Ball
1-0: Called Strike
1-1: Fly out, F9 (Line Drive, 89S)
Batting: SHB Mike Burke 0-0: Ball
1-0: Ball
2-0: Ball
3-0: Called Strike
3-1: Called Strike
3-2: Base on Balls
Ben Donaldson to third
Curt David to second
Batting: RHB Robert Blanchard 0-0: Called Strike
0-1: Ground out 1-3 (Groundball, 15)
Top of the 6th over - 0 run(s), 0 hit(s), 1 error(s), 3 left on base; Indianapolis HS 1 - Bishop Gorman HS 4
BOTTOM OF THE 6TH
Bishop Gorman HS batting - Pitching for Indianapolis HS Chaos : RHP Patrick Williams
Batting: RHB Max Kimball 0-0: Foul Ball, location: 2F
0-1: Foul Ball, location: 2F
0-2: Ball
1-2: Strikes out looking
Batting: RHB Bryan Martínez 0-0: Ball
1-0: Called Strike
1-1: Ball
2-1: Ball
3-1: Base on Balls
Batting: RHB Steve Murphy 0-0: Ball
1-0: Ball
2-0: Ball
3-0: Called Strike
3-1: Called Strike
3-2: Foul Ball, location: 2F
3-2: Base on Balls
Bryan Martínez to second
Pitching: RHP Carl Pearson
Batting: RHB Kent Bannatyne 0-0: Swinging Strike
0-1: Ball
1-1: Fly out, F8 (Flyball, 8LM)
Batting: RHB Andy Johnston 0-0: Ball
1-0: Called Strike
1-1: Ball
2-1: Swinging Strike
2-2: Foul Ball, location: 2F
2-2: Foul Ball, location: 2F
2-2: Foul Ball, location: 2F
2-2: Fly out, F8 (Flyball, 8RM)
Bottom of the 6th over - 0 run(s), 0 hit(s), 0 error(s), 2 left on base; Indianapolis HS 1 - Bishop Gorman HS 4
TOP OF THE 7TH
Indianapolis HS Chaos batting - Pitching for Bishop Gorman HS : RHP Jon Glass
Now at 3B: Bill Green
Batting: LHB Kyle Robbins 0-0: Called Strike
0-1: Ball
1-1: Called Strike
1-2: Foul Ball, location: 2F
1-2: Fly out, F6 (Popup, 6D)
Batting: RHB Johnny Becker 0-0: Ball
1-0: Ball
2-0: Foul Ball, location: 2F
2-1: Ground out 6-3 (Groundball, 6M)
Batting: RHB Jesús Lima 0-0: Called Strike
0-1: Ball
1-1: Foul Ball, location: 2F
1-2: Ground out 5-3 (Groundball, 56)
Top of the 7th over - 0 run(s), 0 hit(s), 0 error(s), 0 left on base; Indianapolis HS 1 - Bishop Gorman HS 4
BOTTOM OF THE 7TH
Bishop Gorman HS batting - Pitching for Indianapolis HS Chaos : RHP Carl Pearson
Batting: RHB Ed Gómez 0-0: Called Strike
0-1: Ball
1-1: Called Strike
1-2: Strikes out swinging
Batting: LHB Jean-Sébastien Beaudin 0-0: Called Strike
0-1: Ball
1-1: Swinging Strike
1-2: Ball
2-2: Ball
3-2: Strikes out looking
Batting: SHB Darren Ramsey 0-0: Ball
1-0: Swinging Strike
1-1: Called Strike
1-2: Ball
2-2: Ball
3-2: Base on Balls
Batting: RHB Gary Robinson 0-0: Ball
1-0: Called Strike
1-1: Ball
2-1: Fly out, F8 (Flyball, 8LM)
Bottom of the 7th over - 0 run(s), 0 hit(s), 0 error(s), 1 left on base; Indianapolis HS 1 - Bishop Gorman HS 4
TOP OF THE 8TH
Indianapolis HS Chaos batting - Pitching for Bishop Gorman HS : RHP Jon Glass
Pitching: RHP George Gallagher
Batting: LHB Ben Donaldson 0-0: Ball
1-0: SOLO HOME RUN (Flyball, 9D), Distance : 368 ft
Batting: RHB Curt David 0-0: Fly out, F7 (Line Drive, 7M)
Batting: RHB Patrice Charette 0-0: Called Strike
0-1: Ball
1-1: Ball
2-1: Ball
3-1: Base on Balls
Pitching: RHP Will Brown
Batting: SHB Mark Hendree 0-0: Called Strike
0-1: Ball
1-1: Fielders Choice at 2nd, 3-6 (Groundball, 3)
Batting: SHB Mike Burke 0-0: Ball
1-0: Ball
2-0: Called Strike
2-1: Called Strike
2-2: SINGLE (Groundball, 4M)
Mark Hendree to second
Runner from 2nd tries for 3rd, SAFE, throw made to third
Batting: RHB Robert Blanchard 0-0: Ball
1-0: Foul Ball, location: 2F
1-1: Ground out 2-3 (Groundball, 2R)
Top of the 8th over - 1 run(s), 2 hit(s), 0 error(s), 2 left on base; Indianapolis HS 2 - Bishop Gorman HS 4
BOTTOM OF THE 8TH
Bishop Gorman HS batting - Pitching for Indianapolis HS Chaos : RHP Carl Pearson
Batting: LHB Bill Green 0-0: Foul Ball, location: 2F
0-1: Ball
1-1: Fly out, F6 (Line Drive, 6)
Pitching: RHP Siméon Goupil
Batting: RHB Bryan Martínez 0-0: Fly out, F4 (Popup, 4M)
Batting: RHB Steve Murphy 0-0: Called Strike
0-1: Foul Ball, location: 2F
0-2: Strikes out looking
Bottom of the 8th over - 0 run(s), 0 hit(s), 0 error(s), 0 left on base; Indianapolis HS 2 - Bishop Gorman HS 4
TOP OF THE 9TH
Indianapolis HS Chaos batting - Pitching for Bishop Gorman HS : RHP Will Brown
Pitching: LHP Harry Gordon
Batting: LHB Kyle Robbins 0-0: Fly out, F3 (Popup, 34S)
Batting: RHB Johnny Becker 0-0: Called Strike
0-1: Ball
1-1: Ball
2-1: Ball
3-1: Base on Balls
Batting: RHB Jesús Lima 0-0: Ball
1-0: Called Strike
1-1: Ball
2-1: Ball
3-1: Base on Balls
Johnny Becker to second
Batting: LHB Ben Donaldson 0-0: Ball
1-0: Foul Ball, location: 2F
1-1: SINGLE (Flyball, 8LS)
Johnny Becker to third
Jesús Lima to second
Runner from 3rd tries for Home, SAFE, no throw or cutoff
Batting: RHB Curt David 0-0: Ball
1-0: Reached on error, E5 (Groundball, 5L)
Jesús Lima to third
Ben Donaldson to second
Batting: RHB Patrice Charette 0-0: Called Strike
0-1: Grounds into fielders choice 4-2 (Groundball, 4)
Ben Donaldson to third
Curt David to second
Batting: SHB Mark Hendree 0-0: Called Strike
0-1: Called Strike
0-2: Ball
1-2: Foul Ball, location: 2F
1-2: SINGLE (Groundball, 6M)
Ben Donaldson scores
Curt David to third
Patrice Charette to second
Runner from 3rd tries for Home, SAFE, no throw or cutoff
Batting: SHB Mike Burke 0-0: Called Strike
0-1: Ball
Single, Error in OF, E7, batter to second base
Patrice Charette scores
Mark Hendree to third
Pitching: LHP Miguel Suárez
Batting: RHB Robert Blanchard 0-0: Foul Ball, location: 2F
0-1: Foul Ball, location: 2F
0-2: SINGLE (Line Drive, 7S)
Mark Hendree scores
Mike Burke to third
Runner from 3rd tries for Home, SAFE, no throw or cutoff
Batting: LHB Kyle Robbins 0-0: Called Strike
0-1: Foul Ball, location: 2F
0-2: SINGLE (Line Drive, 6D)
Robert Blanchard to second
Batting: RHB Johnny Becker 0-0: Swinging Strike
0-1: SINGLE (Line Drive, 8LS)
Robert Blanchard to third
Kyle Robbins to second
Batting: RHB Jesús Lima 0-0: Ball
1-0: Foul Ball, location: 2F
1-1: Foul Ball, location: 2F
1-2: Hit by Pitch
Robert Blanchard scores
Kyle Robbins to third
Johnny Becker to second
Batting: LHB Ben Donaldson 0-0: Called Strike
0-1: Fly out, F8 (Flyball, 8RM)
Top of the 9th over - 7 run(s), 6 hit(s), 2 error(s), 3 left on base; Indianapolis HS 9 - Bishop Gorman HS 4
BOTTOM OF THE 9TH
Bishop Gorman HS batting - Pitching for Indianapolis HS Chaos : RHP Siméon Goupil
Pitching: RHP David Chapman
Batting: RHB Kent Bannatyne 0-0: Ground out 5-3 (Groundball, 56)
Batting: RHB Andy Johnston 0-0: Ball
1-0: Called Strike
1-1: SINGLE (Groundball, 6)
Batting: RHB Ed Gómez 0-0: Ball
1-0: Ball
2-0: Ball
3-0: Called Strike
3-1: Called Strike
3-2: Foul Ball, location: 2F
3-2: Base on Balls
Andy Johnston to second
Batting: LHB Jean-Sébastien Beaudin 0-0: Called Strike
0-1: Ball
1-1: Foul Ball, location: 2F
1-2: Ball
2-2: Strikes out swinging
Batting: SHB Darren Ramsey 0-0: Called Strike
0-1: Ball
1-1: Ball
2-1: Ball
3-1: Foul Ball, location: 2F
3-2: Base on Balls
Andy Johnston to third
Ed Gómez to second
Batting: RHB Gary Robinson 0-0: Ball
1-0: Called Strike
1-1: Foul Ball, location: 2F
1-2: GRAND SLAM HOME RUN (Flyball, 9D), Distance : 372 ft
Pitching: LHP Ryan Roach
Batting: LHB Bill Green 0-0: Ball
1-0: Ball
2-0: Ball
3-0: Called Strike
3-1: Base on Balls
Batting: RHB Bryan Martínez 0-0: Called Strike
0-1: Swinging Strike
0-2: Ball
1-2: Foul Ball, location: 2F
1-2: Ball
2-2: Ball
3-2: Foul Ball, location: 2F
3-2: Base on Balls
Bill Green to second
Batting: RHB Steve Murphy 0-0: Ball
1-0: Swinging Strike
1-1: Fly out, F5 (Line Drive, 56)
Bottom of the 9th over - 4 run(s), 2 hit(s), 0 error(s), 2 left on base; Indianapolis HS 9 - Bishop Gorman HS 8
This league is powered by Out of the Park Baseball, the baseball management simulation game for PC, Mac and Linux
Saturday, April 9th, 2016 - OOTP Baseball 16.8 Build 38